 Dungeon Crawl Stone Soup version 0.20-a0-731-gecde0bf (webtiles) character file.

13911 Alarkh the Carver (level 11, 0/89 HPs)
             Began as a Mummy Monk on Feb 22, 2017.
             Was an Initiate of Gozag.
             Engulfed by a fire crab's flame (7 damage)
             ... in a volcano.
             The game lasted 00:24:56 (12547 turns).

Alarkh the Carver (Mummy Monk)                     Turns: 12547, Time: 00:24:57

Health: 0/89       AC:  8    Str: 15    XL:     11   Next: 81%
Magic:  0/11       EV: 19    Int: 11    God:    Gozag
Gold:   2105       SH:  7    Dex: 22    Spells: 9/10 levels left

rFire    x . .     SeeInvis .   a - +4 scimitar
rCold    + + .     Gourm    .   r - +1 leather armour "Jefupe" {rN+ Int-2 Dex+8 Stlth+}
rNeg     + + +     Faith    .   p - +0 buckler
rPois    ∞         Spirit   +   D - +2 hat {MR+}
rElec    .         Reflect  .   C - scarf {Spirit}
rCorr    +         Harm     .   A - +1 pair of gloves of the Past {rC+ rCorr}
MR       ++...                  (no boots)
Stlth    +++.......             F - amulet of regeneration
Regen    0.7/turn               (no ring)
MPRegen  0.2/turn               P - ring of resist corrosion

@: no status effects
A: no food or potions, fire vulnerability, cold resistance 1, negative energy
resistance 3, torment resistance, unbreathing
a: Potion Petition, Call Merchant, Bribe Branch, Renounce Religion


You were in a volcano.
You worshipped Gozag.
Gozag was most pleased with you.
You were not hungry.

You visited 3 branches of the dungeon, and saw 13 of its levels.
You also visited: Sewer and Volcano.

You collected 2945 gold pieces.
You spent 840 gold pieces at shops.

Inventory:

Hand Weapons
 a - a +4 scimitar (weapon)
 b - the +8 hand axe of Morch {flame, *Slow rElec rPois Str+3}
   (You found it on level 8 of the Dungeon)

   It has been specially enchanted to burn those struck by it, causing extra
   injury to most foes and up to half again as much damage against particularly
   susceptible opponents.
   Big, fiery blades are also staple armaments of hydra-hunters.
   It affects your strength (+3).
   It insulates you from electricity.
   It protects you from poison.
   It may slow you when you take damage.
Armour
 c - a +0 ring mail of cold resistance
 h - a +2 pair of gloves
 i - the +2 helmet of Rationality {+Fly rElec rN+ rCorr Int-5}
   (You bought it in a shop on level 7 of the Dungeon)

   It affects your intelligence (-5).
   It insulates you from electricity.
   It protects you from negative energy.
   It lets you fly.
   It protects you from acid and corrosion.
 p - a +0 buckler (worn)
 r - the +1 leather armour "Jefupe" (worn) {rN+ Int-2 Dex+8 Stlth+}
   (You found it on level 5 of the Dungeon)

   It affects your intelligence (-2).
   It affects your dexterity (+8).
   It protects you from negative energy.
   It makes you more stealthy.
 A - the +1 pair of gloves of the Past (worn) {rC+ rCorr}
   (You bought it in a shop on level 7 of the Dungeon)

   It protects you from cold.
   It protects you from acid and corrosion.
 C - a scarf of spirit shield (worn)
 D - a +2 hat of magic resistance (worn)
Jewellery
 F - an amulet of regeneration (around neck)
 G - an uncursed ring of teleportation
 P - a ring of resist corrosion (left hand)
Wands
 k - a wand of random effects (0/48)
 J - a wand of iceblast (5/15)
 K - a wand of polymorph (12/24)
 M - a wand of confusion (18/48)
 Q - a wand of lightning (5/15)
Scrolls
 e - a scroll of identify
 g - 9 scrolls of teleportation
 l - a scroll of blinking
 n - 3 scrolls of magic mapping
 v - a scroll of fog
 x - 2 scrolls of recharging
 O - a scroll of silence
Books
 z - a book of Cantrips

   Spells                             Type                      Level
   a - Confusing Touch                Hexes                        1
   b - Animate Skeleton               Necromancy                   1
   c - Summon Small Mammal            Summoning                    1
   d - Apportation                    Translocation                1


   Skills:
 + Level 9.6 Fighting
 * Level 10.5 Long Blades
 + Level 7.9 Dodging
 - Level 1.5 Stealth
 + Level 6.6 Shields


You had 9 spell levels left.
You knew the following spells:

 Your Spells              Type           Power        Failure   Level  Hunger
t - Apportation           Tloc           #.....       43%         1    N/A

Dungeon Overview and Level Annotations

Branches:
Dungeon (11/15)            Temple (1/1) D:5            Lair (1/6) D:10
    Orc (0/2) D:9

Altars:
Ashenzari
Cheibriados
Dithmenos
Elyvilon
Fedhas
Gozag
Hepliaklqana
Kikubaaqudgha
Makhleb
Nemelex Xobeh
Okawaru
Qazlal
Ru
Sif Muna
Trog
Uskayaw
Vehumet
Wu Jian
Xom
Yredelemnul
Zin
The Shining One

Shops:
D:7 [   D:8 [!!


Innate Abilities, Weirdness & Mutations

You do not eat or drink.
Your flesh is vulnerable to fire.
You are immune to poison.
Your flesh is cold resistant. (rC+)
You are immune to negative energy. (rN+++)
You are immune to unholy pain and torment.
You can survive without breathing.


Message History

The fire crab breathes flames at you. The blast of flame engulfs you!
The fire crab breathes flames at you. The blast of flame misses you.
You hit the fire crab.
The fire crab is severely wounded.
You are engulfed in blazing flames.
The fire crab barely misses you. You block the fire crab's attack.
You hit the fire crab but do no damage.
The fire crab is severely wounded.
You are engulfed in blazing flames.
The fire crab closely misses you. The fire crab claws you!
* * * LOW HITPOINT WARNING * * *
You are engulfed in flames!!
The fire burns you terribly!
* * * LOW HITPOINT WARNING * * *
You slash the fire crab!
The fire crab is almost dead.
You are engulfed in blazing flames.
You die...
Your body crumbles into a pile of gold.

##.......≈§.....#
#...##........##
#8.8###.....###
##.## ##....# #.#
#..### ##+## ####
##...#######
#.....##.t.# $
#§.§.@##[§)## $ $
#.§§t§#.$§$.# $
###§###.§§§.#
###§§§###§§§#
+.....§.§§§§#
###8_8#######
#...# #####


You could see a fire crab.

Vanquished Creatures
  Fannar (D:10)
  A two-headed ogre (D:10)
  A lindwurm (Volcano)
  The ghost of 100P the Slasher, a novice DsGl of Wu Jian (D:6)
  A molten gargoyle (Volcano)
  A black mamba (Lair:1)
  A gargoyle (D:9)
  A hornet (D:10)
  A hippogriff (Lair:1)
  Grinder (D:4)
  6 fire bats (Volcano)
  A hungry ghost (D:10)
  15 yaks (D:10)
  Grum (D:10)
  A steam dragon (Volcano)
  A water moccasin (D:10)
  2 porcupines (D:10)
  Duvessa (D:4)
  A hell hound (Volcano)
  3 phantoms
  3 ice beasts
  A sky beast (D:11)
  2 black bears
  7 orc warriors
  3 necrophages
  2 wolves (D:10)
  An ogre (D:8)
  5 centaurs
  A gnoll sergeant (D:9)
  A wyvern zombie (D:8)
  4 bullfrogs
  Dowan (D:4)
  3 scorpions
  A jelly (D:8)
  6 killer bees
  A howler monkey (D:10)
  12 wights
  6 crimson imps
  7 lava snakes (Volcano)
  2 bullfrog zombies
  3 centaur zombies
  5 hounds
  11 orc wizards
  5 orc priests
  2 bullfrog skeletons
  7 centaur skeletons
  3 iguanas
  Ijyb (D:2)
  Terence (D:3)
  7 worker ants
  4 killer bee zombies
  A hound skeleton (D:7)
  5 gnolls (D:9)
  A howler monkey skeleton (D:5)
  19 adders
  3 river rats
  A shadow imp (D:6)
  3 adder zombies
  2 adder skeletons
  4 worms
  6 dart slugs
  4 leopard geckos
  48 orcs
  6 bats
  6 giant cockroaches
  4 goblins
  8 hobgoblins
  3 jackals (D:5)
  5 quokkas
  11 ball pythons
  12 frilled lizards
  7 kobolds
  A leopard gecko skeleton (D:5)
  A quokka skeleton (D:5)
  24 rats
345 creatures vanquished.

Vanquished Creatures (others)
  3 fungi (D:10)
  A plant (D:10)
  5 toadstools (D:1)
9 creatures vanquished.

Grand Total: 354 creatures vanquished

Notes
Turn   | Place    | Note
-------+----------+-------------------------------------------
     0 | D:1      | Alarkh the Mummy Monk began the quest for the Orb.
     0 | D:1      | Reached XP level 1. HP: 18/18 MP: 1/1
    70 | D:1      | Reached XP level 2. HP: 20/24 MP: 2/2
   555 | D:1      | Reached XP level 3. HP: 27/29 MP: 3/3
   681 | D:2      | Noticed Ijyb
   713 | D:2      | Killed Ijyb
   713 | D:2      | Reached skill level 3 in Long Blades
   987 | D:2      | Reached XP level 4. HP: 36/36 MP: 4/4
  1100 | D:2      | Found a glowing silver altar of Zin.
  1101 | D:2      | Found an opulent altar of Gozag.
  1116 | D:2      | Became a worshipper of Gozag Ym Sagoz the Greedy
  1352 | D:2      | Found a faded altar of an unknown god.
  1752 | D:3      | Noticed a hand axe
  1754 | D:3      | Noticed a hand axe
  1758 | D:3      | Found a hide-covered altar of Uskayaw.
  1924 | D:3      | Noticed Terence
  1940 | D:3      | Killed Terence
  1940 | D:3      | Reached XP level 5. HP: 26/42 MP: 5/5
  2247 | D:3      | Found a blossoming altar of Fedhas.
  2372 | D:3      | Found a snail-covered altar of Cheibriados.
  2397 | D:3      | Reached skill level 4 in Long Blades
  2636 | D:4      | Noticed a phantom
  2687 | D:3      | Killed a phantom
  2687 | D:3      | Reached XP level 6. HP: 10/49 MP: 6/6
  3008 | D:4      | Found a sparkling altar of Nemelex Xobeh.
  3044 | D:4      | Got a scorched dagger
  3045 | D:4      | Identified the cursed +1 dagger "Siuck" {venom, *Corrode Dex+3 SInv Stlth+} (You found it on level 4 of the Dungeon)
  3077 | D:4      | Reached skill level 1 in Shields
  3172 | D:4      | Noticed Duvessa
  3182 | D:4      | Noticed Dowan
  3192 | D:4      | HP: 2/49 [Duvessa/short sword of venom (6)]
  3202 | D:4      | Killed Dowan
  3203 | D:4      | Killed Duvessa
  3203 | D:4      | Reached skill level 5 in Fighting
  3203 | D:4      | Reached XP level 7. HP: 4/56 MP: 7/7
  3671 | D:4      | Noticed Grinder
  3676 | D:4      | Paralysed by Grinder for 7 turns
  3896 | D:4      | Paralysed by Grinder for 2 turns
  3897 | D:4      | Killed Grinder
  3897 | D:4      | Reached skill level 5 in Long Blades
  4246 | D:5      | Entered Level 5 of the Dungeon
  4247 | D:5      | Found a staircase to the Ecumenical Temple.
  4258 | Temple   | Entered the Ecumenical Temple
  4536 | D:5      | Got a spiked leather armour
  4552 | D:5      | Identified the +1 leather armour "Jefupe" {rN+ Int-2 Dex+8 Stlth+} (You found it on level 5 of the Dungeon)
  4659 | D:5      | Found a glowing drain.
  4663 | Sewer    | Entered a sewer
  4838 | Sewer    | Reached XP level 8. HP: 63/63 MP: 8/8
  6226 | D:6      | Found an iron altar of Okawaru.
  6252 | D:6      | Reached skill level 6 in Long Blades
  6436 | D:6      | Reached skill level 5 in Dodging
  7161 | D:6      | Noticed 100P's ghost (novice DsGl)
  7196 | D:6      | Killed 100P's ghost
  7196 | D:6      | Reached XP level 9. HP: 44/71 MP: 9/9
  7386 | D:7      | Found Samigo's Antique Armour Boutique.
  7397 | D:7      | Reached skill level 7 in Long Blades
  7413 | D:7      | Bought a faintly glowing helmet for 190 gold pieces
  7413 | D:7      | Bought a pair of faintly humming gloves for 190 gold pieces
  7418 | D:7      | Identified the +2 helmet of Rationality {+Fly rElec rN+ rCorr Int-5} (You bought it in a shop on level 7 of the Dungeon)
  7428 | D:7      | Identified the +1 pair of gloves of the Past {rC+ rCorr} (You bought it in a shop on level 7 of the Dungeon)
  7428 | D:7      | Bought a runed scarf for 160 gold pieces
  7428 | D:7      | Bought a glowing scarf for 160 gold pieces
  7428 | D:7      | Bought a glowing hat for 140 gold pieces
  7723 | D:7      | Found a burning altar of Makhleb.
  7750 | D:7      | Found an ornate altar of the Wu Jian Council.
  7812 | D:7      | Found a glowing golden altar of the Shining One.
  7839 | D:7      | Found a stormy altar of Qazlal.
  8294 | D:7      | Got a crystal flail
  8295 | D:7      | Identified the +1 flail of Luqeces {pain, MP+9} (You found it on level 7 of the Dungeon)
  8481 | D:8      | Found a white marble altar of Elyvilon.
  8537 | D:8      | Found Idduak's Armour Boutique.
  8554 | D:8      | Found an ancient bone altar of Kikubaaqudgha.
  8598 | D:8      | Got a twisted chain mail
  8609 | D:8      | Identified the +7 chain mail of Mirth {*Slow Dex+3 Stlth+} (You found it on level 8 of the Dungeon)
  8680 | D:8      | Found Oxeak's Distillery.
  8709 | D:8      | Found Kunar's Distillery.
  9005 | D:8      | Reached skill level 8 in Long Blades
  9107 | D:8      | Got an iridescent hand axe
  9114 | D:8      | Identified the +8 hand axe of Morch {flame, *Slow rElec rPois Str+3} (You found it on level 8 of the Dungeon)
  9216 | D:8      | Found a hazy altar of Hepliaklqana.
  9240 | D:8      | You fall through a shaft for 3 floors!
  9246 | D:11     | Noticed a troll
  9309 | D:11     | Reached XP level 10. HP: 76/79 MP: 8/10
  9322 | D:11     | Noticed a cyclops
  9372 | D:10     | Entered Level 10 of the Dungeon
  9591 | D:9      | Noticed a gargoyle
  9766 | D:9      | Killed a gargoyle
  9922 | D:9      | Reached skill level 5 in Shields
  9965 | D:9      | Found a staircase to the Orcish Mines.
 10315 | D:9      | Found an ornate altar of the Wu Jian Council.
 10614 | D:9      | Reached skill level 9 in Long Blades
 10739 | D:10     | Noticed Grum
 10751 | D:10     | Killed Grum
 10865 | D:10     | Reached XP level 11. HP: 43/87 MP: 6/11
 11204 | D:10     | Got a smoking leather armour
 11243 | D:10     | Noticed a two-headed ogre
 11258 | D:10     | Killed a two-headed ogre
 11321 | D:10     | Identified the +1 leather armour of the Tundras {rElec Str+2 Int-5 SInv} (You found it on level 10 of the Dungeon)
 11374 | D:10     | Noticed Fannar
 11409 | D:10     | Killed Fannar
 11409 | D:10     | Reached skill level 10 in Long Blades
 11485 | D:10     | Found a staircase to the Lair.
 11833 | Lair:1   | Entered Level 1 of the Lair of Beasts
 11933 | Lair:1   | Found a dark tunnel.
 12016 | Lair:1   | Learned a level 1 spell: Apportation
 12019 | Volcano  | Entered a volcano
 12387 | Volcano  | Found a burning altar of Makhleb.
 12387 | Volcano  | Noticed a lindwurm
 12403 | Volcano  | Killed a lindwurm
 12419 | Volcano  | Noticed a fire crab
 12547 | Volcano  | Engulfed by a fire crab's flame

Vault maps used:
D:1:      ldierk_walled_garden
D:2:      grunt_temple_overflow_gold_and_silver,
          chequers_ecumenical_altar_grove, grunt_ministairs_1, uniq_iyjb
D:3:      cheibriados_altar_1, dancing_weapons_uskayaw, lemuel_doored_altar,
          minmay_snake_closets, uniq_terence
D:4:      nemelex_xobeh_ov_fountains_minmay, first_bread, minmay_misc_feat_chi,
          uniq_duvessa, uniq_grinder
D:5:      minmay_temple_entry_statues_pillars, gup_sewer_entry_spiral
D:6:      kennysheep_mini
D:7:      lemuel_crystal_altar, makhleb_blood_cavern_becter, tso_metal_star,
          serial_shops, nicolae_shop_competitors_out_of_business, basic_altar
D:8:      nicolae_overflow_hidden_temple, elyvilon_altar_4, basic_altar,
          serial_shops, nicolae_shop_stone, shop, nicolae_shop_behind_doors
D:9:      overflow_temple_1_default, david_orc_2
D:10:     argonaut_augean_stables, grunt_lair_entry_orc_guard_hut, uniq_grum,
          uniq_fannar
D:11:     hangedman_little_slice_of_home
Temple:   nicolae_temple_figure_zero
Lair:1:   lightli_volcano_entry_magma_tube
Sewer:    sewer_co_cracked_pipes
Volcano:  volcano_grotto

Skill      XL: |  1  2  3  4  5  6  7  8  9 10 11 |
---------------+----------------------------------+-----
Long Blades    | 3 4 5 6 8 9 10 | 10.5
Dodging        | 3 4 5 6 7 |  7.9
Fighting       | 4 5 6 7 8 9 |  9.6
Shields        | 1 2 3 4 5 6 |  6.6
Stealth        | |  1.5

Action                   |  1- 3 |  4- 6 |  7- 9 | 10-12 || total
-------------------------+-------+-------+-------+-------++-------
Melee: Falchion          |    28 |       |       |       ||    28
       Short sword       |    33 |   159 |   286 |       ||   478
       Long sword        |       |    22 |       |       ||    22
       Dagger            |       |    11 |    65 |       ||    76
       Scimitar          |       |       |   174 |   523 ||   697
Invok: Potion Petition   |       |       |       |     1 ||     1
Evoke: Wand              |       |     3 |       |       ||     3
  Use: Scroll            |     1 |     4 |    18 |     5 ||    28
 Stab: Sleeping          |     3 |     9 |    27 |    14 ||    53
       Distracted        |       |       |     4 |     9 ||    13
       Fleeing           |       |       |       |     1 ||     1
Armor: Robe              |    10 |    33 |    11 |       ||    54
       Leather armour    |       |       |    70 |    94 ||   164
Dodge: Dodged            |    54 |    85 |   254 |   352 ||   745
Block: Buckler           |       |    14 |    99 |   154 ||   267
       Rpst.: Falchion   |     7 |       |       |       ||     7
       Long sword        |       |     1 |       |       ||     1
       Scimitar          |       |       |    24 |   100 ||   124
